 Dungeon Sprint DCSS version 0.28-a0-384-g9e0c098162 (webtiles) character file.

Game seed: 16511237872433675796

116 thedisplayname the Skirmisher (level 5, -10/52 HPs)
             Began as a Hill Orc Fighter on Sept 2, 2021.
             Killed from afar by an oklob sapling priest (19 damage)
             ... with a splash of acid
             ... in the Dungeon (Sprint IV: "Fedhas' Mad Dash").
             The game lasted 00:01:32 (966 turns).

thedisplayname the Skirmisher (Hill Orc Fighter)     Turns: 966, Time: 00:01:33

Health: -10/52     AC:  3    Str: 20    XL:     5   Next: 0%
Magic:  4/5        EV: 10    Int:  8    God:
Gold:   43         SH:  5    Dex: 10    Spells: 4/4 levels left

rFire   . . .      SeeInvis .   a - +0 war axe
rCold   . . .      Faith    .   c - +0 buckler
rNeg    . . .      Spirit   .   b - +0 scale mail
rPois   .          Reflect  .   (no helmet)
rElec   .          Harm     .   (no cloak)
rCorr   .          Rampage  .   (no gloves)
Will    .....      NoTele   +   (no boots)
Stlth   ..........              e - amulet of invisibility {+Inv}
HPRegen 0.17/turn               (no ring)
MPRegen 0.09/turn               (no ring)

@: corroded, very slightly contaminated
A: no striking features
a: Evoke Invisibility


You were in the Dungeon.
You visited 1 branch You collected 43 gold pieces.

Inventory:

Hand Weapons
 a - a +0 war axe (weapon)
Armour
 b - a +0 scale mail (worn)
 c - a +0 buckler (worn)
Jewellery
 e - the amulet of invisibility (around neck) {+Inv}
   (You found it in the Dungeon)

   [amulet of nothing]

   +Inv:      It lets you turn invisible.
Scrolls
 j - a scroll of blinking
Potions
 d - a potion of might
 f - a potion of heal wounds
 g - a potion of haste
 h - 2 potions of magic
 i - a potion of berserk rage


   Skills:
 + Level 7.1 Fighting
 + Level 5.6 Axes
 + Level 6.1 Armour
 + Level 0.7 Dodging
 + Level 6.0 Shields
 + Level 0.3 Evocations


You had 4 spell levels left.
You didn't know any spells.
Your spell library contained the following spells:

 Spells                   Type           Power      Damage    Failure   Level
 Animate Skeleton         Necr           0%         N/A       75%         1
 Pain                     Necr           0%         1d4       75%         1
 Vampiric Draining        Necr           0%         2d6       98%         3


Dungeon Overview and Level Annotations

Branches:
Dungeon (1/1)

Altars:
Cheibriados
Dithmenos
Elyvilon
Gozag
Hepliaklqana
Kikubaaqudgha
Makhleb
Nemelex Xobeh
Okawaru
Qazlal
Ru
Sif Muna
Trog
Uskayaw
Vehumet
Wu Jian
Xom
Yredelemnul
Zin
The Shining One
Beogh
Jiyva
Lugonu

Annotations:
D exclusion: oklob sapling


Message History

You see here 16 arrows.
You start resting.
HP restored.
You start waiting.
Done waiting.
You fade into invisibility!
You are very lightly contaminated with residual magic.
You open the door.
Found ten altars.
An oklob sapling priest comes into view.
Found three altars.
Marking area around an oklob sapling as unsafe for travelling.
There is an open door here.
Found three altars.
Found two altars.
Found three altars.
Found a radiant altar of Vehumet and a corrupted altar of Lugonu.
There is a burning altar of Makhleb here.
You flicker for a moment.
There is a sparkling altar of Nemelex Xobeh here.
You hit the oklob sapling priest but do no damage.
The oklob sapling priest spits acid at you.
The splash of acid hits you! The acid corrodes you!
You slash the oklob sapling priest!
The oklob sapling priest is moderately damaged.
You hit the oklob sapling priest but do no damage.
The oklob sapling priest is moderately damaged.
The oklob sapling priest casts a cantrip, but nothing happens.
You slash the oklob sapling priest!
The oklob sapling priest is almost destroyed.
The oklob sapling priest spits acid at you.
The splash of acid hits you!!
Ouch! That really hurt!
* * * LOW HITPOINT WARNING * * *
You hit the oklob sapling priest but do no damage.
The oklob sapling priest is almost destroyed.
You flicker back into view.
The oklob sapling priest spits acid at you.
The splash of acid hits you!!
You die...

########################
....#.....#.⌠._._._._.⌠.
)...'.#.(.'.._._._._._..
÷...#.#...#..._.@P_._...
########'##.._._._._._..
+...#._._._._._.⌠.
#...############## #####


You could see an oklob sapling priest.

Vanquished Creatures
  A scorpion (D)
  2 oklob saplings (D)
  A river rat (D)
  A rat (D)
5 creatures vanquished.

Vanquished Creatures (others)
  2 fungi (D)
2 creatures vanquished.

Grand Total: 7 creatures vanquished

Notes
Turn   | Place    | Note
-------+----------+-------------------------------------------
     0 | D        | thedisplayname the Hill Orc Fighter began the quest for the
                  | Orb.
     0 | D        | Reached XP level 1. HP: 19/19 MP: 1/1
    17 | D        | Reached skill level 4 in Fighting
    17 | D        | Reached XP level 2. HP: 6/28 MP: 2/2
   361 | D        | Noticed an oklob sapling
   363 | D        | Killed an oklob sapling
   364 | D        | Reached skill level 5 in Fighting
   364 | D        | Reached XP level 3. HP: 36/36 MP: 3/3
   366 | D        | Noticed a scorpion
   366 | D        | Found the amulet of invisibility {+Inv}
   377 | D        | Killed a scorpion
   378 | D        | Reached skill level 6 in Fighting
   378 | D        | Reached skill level 5 in Axes
   378 | D        | Reached skill level 5 in Armour
   378 | D        | Reached skill level 5 in Shields
   378 | D        | Reached XP level 4. HP: 13/45 MP: 4/4
   697 | D        | Reached skill level 7 in Fighting
   697 | D        | Reached XP level 5. HP: 26/52 MP: 2/5
   951 | D        | Found an opulent altar of Gozag.
   951 | D        | Found a hazy altar of Hepliaklqana.
   951 | D        | Found a burning altar of Makhleb.
   951 | D        | Found a roughly hewn altar of Beogh.
   951 | D        | Found a sparkling altar of Nemelex Xobeh.
   951 | D        | Found a snail-covered altar of Cheibriados.
   951 | D        | Found a sacrificial altar of Ru.
   951 | D        | Found a shimmering blue altar of Sif Muna.
   951 | D        | Found a shimmering altar of Xom.
   951 | D        | Found a basalt altar of Yredelemnul.
   952 | D        | Found a viscous altar of Jiyva.
   952 | D        | Found a bloodstained altar of Trog.
   952 | D        | Found an ornate altar of the Wu Jian Council.
   953 | D        | Found an iron altar of Okawaru.
   953 | D        | Found a shadowy altar of Dithmenos.
   953 | D        | Found a glowing silver altar of Zin.
   954 | D        | Found an ancient bone altar of Kikubaaqudgha.
   954 | D        | Found a hide-covered altar of Uskayaw.
   956 | D        | Found a stormy altar of Qazlal.
   956 | D        | Found a glowing golden altar of the Shining One.
   956 | D        | Found a white marble altar of Elyvilon.
   957 | D        | Found a radiant altar of Vehumet.
   957 | D        | Found a corrupted altar of Lugonu.
   966 | D        | Killed from afar by an oklob sapling priest

Illustrated notes

Levels and vault maps discovered:
D:        dungeon_sprint_fedhas [sprint_temple]

Skill      XL: |  1  2  3  4 |
---------------+-------------+-----
Fighting       | 4 5 6 7 |  7.1
Axes           | 3 5 |  5.6
Armour         | 4 5 6 |  6.1
Shields        | 4 5 6 |  6.0
Dodging        | |  0.7
Evocations     | |  0.3

Action                   |  1- 3 |  4- 6 || total
-------------------------+-------+-------++-------
Melee: War axe           |    20 |     9 ||    29
 Abil: Evoke Invisibilit |       |     2 ||     2
  Use: Potion            |     1 |       ||     1
Armor: Scale mail        |     6 |       ||     6
Dodge: Dodged            |     7 |       ||     7
Block: Buckler           |     5 |       ||     5

Table legend: (Time is in decaauts)
 A = Elapsed time spent in this place.
 B = Non-inter-level travel time spent in this place.
 C = Inter-level travel time spent in this place.
 D = Time resting spent in this place.
 E = Time spent auto-exploring this place.
 F = Levels seen in this place.
 G = Mean time per level.
                   A        B        C        D        E       F      G
               +--------+--------+--------+--------+--------+-----+--------+
         Total |    974 |    974 |      0 |    872 |      0 |   1 |  974.0 |
       Dungeon |    974 |    974 |      0 |    872 |      0 |   1 |  974.0 |
               +--------+--------+--------+--------+--------+-----+--------+

Top non-repeatable levels by time:
       D: 974 daAuts
